 Dungeon Crawl Stone Soup version 0.30-a0-137-gd8773701ce (webtiles) character file.

Game seed: 15448547491055280943

7543 juncz the Fighter (level 11, 0/92 HPs)
             Began as a Djinni Conjurer on Sept 22, 2022.
             Was a Follower of Ashenzari.
             Shot with an arrow by a centaur (16 damage)
             ... on level 9 of the Dungeon.
             The game lasted 00:33:14 (14040 turns).

juncz the Fighter (Djinni Conjurer)                Turns: 14040, Time: 00:33:15

Health: 0/92       AC:  4    Str:  6    XL:     11   Next: 39%
Gold:   473        EV: 12    Int: 30    God:    Ashenzari [*.....] SH:  0 Dex: 12

rFire   + + .      SeeInvis .    s - staff of death
rCold   x . .      Faith    .    (no shield)
rNeg    + . .      Spirit   .    a - +0 robe
rPois   ∞          Reflect  .    I - +0 helmet "Behold Eternity" {Fort, Self} (curse)
rElec   .          Harm     .    H - +0 cloak of the Wild Blue Yonder {Self, Evo} (curse)
rCorr   .          Rampage  .    (no gloves)
Will    +....                    (boots unavailable)
Stlth   ++........               (no amulet)
HPRegen 0.25/turn                n - +6 ring of intelligence
MPRegen 0.00/turn                (no ring)

@: flying
A: sickness immunity, fire resistance 2, cold vulnerability 1, float, innate
caster, HP casting, extra vitality 1
a: Renounce Religion, Shatter the Chains


You were on level 9 of the Dungeon.
You worshipped Ashenzari.
Ashenzari was aware of your devotion.
You visited 2 branches of the dungeon, and saw 10 of its levels.
You also visited: Sewer.

You collected 473 gold pieces.

Inventory:

Armour
 a - a +0 robe (worn)
 H - the cursed +0 cloak of the Wild Blue Yonder (worn) {Self, Evo}
   (You took it off Crazy Yiuf on level 7 of the Dungeon)

   It has a curse which improves the following skills: Introspection: Fighting
   and Spellcasting.
   Evocations: Evocations.
 I - the cursed +0 helmet "Behold Eternity" (worn) {Fort, Self}
   (You found it on level 7 of the Dungeon)

   It has a curse which improves the following skills: Fortitude: Armour and
   Shields.
   Introspection: Fighting and Spellcasting.
Magical Staves
 s - a staff of death (weapon)
 w - a staff of earth
Jewellery
 n - a +6 ring of intelligence (left hand)
 x - a +6 ring of strength
Wands
 C - a wand of charming (22)
 F - a wand of iceblast (8)
 J - a wand of mindburst (23)
 K - a wand of polymorph (9)
 L - a wand of digging (1)
Scrolls
 c - 2 scrolls of magic mapping
 d - 2 scrolls of poison
 g - a scroll of enchant armour
 h - a scroll of immolation
 k - a scroll of torment
 l - a scroll of fear
 q - 2 scrolls of noise
 r - 2 scrolls of teleportation
 v - a scroll of enchant weapon
 y - a scroll of butterflies
 z - a scroll of brand weapon
 A - a scroll of amnesia
 B - 2 scrolls of summoning
Potions
 b - 8 potions of curing
 e - a potion of might
 f - 4 potions of haste
 i - 2 potions of mutation
 j - a potion of resistance
 m - a potion of invisibility
 o - 7 potions of flight
 p - 4 potions of lignification
 t - a potion of ambrosia
 u - 2 potions of cancellation
 D - 2 potions of attraction
 E - a potion of magic
 G - 2 potions of heal wounds


   Skills:
 + Level 11.9(13.2) Fighting
 - Level 2.1 Dodging
 - Level 1.5 Stealth
 + Level 9.9(11.2) Spellcasting


You had 3 spell levels left.
You knew the following spells:

 Your Spells              Type           Power      Damage    Failure   Level
a - Magic Dart            Conj           100%       1d8       1%          1
b - Searing Ray           Conj           100%       2d8       1%          2
c - Dazzling Flash        Conj/Hex       100%       N/A       1%          3
d - Fulminant Prism       Conj/Hex       35%        3d18      1%          4
e - Iskenderun's Mystic   Conj/Tloc      71%        2d14      1%          4
f - Summon Small Mammal   Summ           100%       N/A       1%          1
g - Poisonous Vapours     Pois/Air       100%       N/A       1%          2
h - Kindle Blastsparks    Fire/Tloc/Air  100%       2d18      1%          3
i - Anguish               Hex/Necr       45%        N/A       1%          4
j - Silence               Hex/Air        35%        N/A       1%          5
Your spell library was empty.

Dungeon Overview and Level Annotations

Branches:
Dungeon (9/15)             Temple (1/1) D:4           Sewer (visited)
   Lair: D:8-11         Orc: D:9-12

Altars:
Ashenzari
Cheibriados
Dithmenos
Elyvilon
Fedhas
Gozag
Hepliaklqana
Makhleb
Nemelex Xobeh
Okawaru
Ru
Trog
Uskayaw
Wu Jian
Xom
Yredelemnul
Zin
The Shining One

Shops:
D:4 (   D:6 !

Annotations:
D:4 3 runed translucent doors, sirJeffrey23's ghost, novice HOFi


Innate Abilities, Weirdness & Mutations

You are immune to sickness and miasma.
You are immune to poison.
Your flesh is very heat resistant. (rF++)
You are vulnerable to cold. (rC-)
You float through the air rather than walking.
You learn spells naturally, not from books.
Your magical power is your life essence.
You have superior vitality. (+4 MHP)


Message History

The howler monkey is poisoned.
Casting: Poisonous Vapours (safe; 1% risk of failure)
Confirm with . or Enter, or press ? or * to list all spells.
Aiming: Magic Dart (safe; 1% risk of failure)
Press: ? - help, Shift-Dir - straight line, f/p - howler monkey
Aim: a howler monkey (lightly wounded, very poisoned, 100% to hit)
The magic dart hits the howler monkey.
The howler monkey is moderately wounded.
The howler monkey hoots and howls with incredible vigour!
You hear a howl!
You hear an angry buzzing noise.
Casting: Magic Dart (safe; 1% risk of failure)
Confirm with . or Enter, or press ? or * to list all spells.
Aiming: Magic Dart (safe; 1% risk of failure)
Press: ? - help, Shift-Dir - straight line, f/p - howler monkey
Aim: a howler monkey (moderately wounded, very poisoned, catching its breath, 100% to hit)
The magic dart hits the howler monkey.
The howler monkey is heavily wounded.
A centaur comes into view.
The howler monkey hoots and howls with incredible vigour!
Casting: Magic Dart (safe; 1% risk of failure)
Confirm with . or Enter, or press ? or * to list all spells.
You erupt in a blast of force!
The mystic blast hits the centaur!
The centaur is heavily wounded.
The centaur is knocked back by the mystic blast.
The centaur wields a +0 shortbow.
The centaur shoots an arrow.
The arrow hits you!
* * * LOW HITPOINT WARNING * * *
Casting: Iskenderun's Mystic Blast (safe; 1% risk of failure)
Confirm with . or Enter, or press ? or * to list all spells.
You erupt in a blast of force!
The mystic blast hits the howler monkey!
You kill the howler monkey!
* * * LOW HITPOINT WARNING * * *
You hear a howl!
You hear a bellow!
The centaur shoots an arrow.
The arrow closely misses you.
A howler monkey comes into view.
Found a +0 robe.
The howler monkey hoots and howls with incredible vigour!
The centaur shoots an arrow.
The arrow hits you!
You die...

....h..g...........
................#..
#................
#.†)..........#
#.............#
...###...)...# ...
..........Y###.#
##...#...$.c).@.#
#....##.h.#.###.#
#...##.###.## .# ##
#...##[#>...# ..
.###..........##
#.. .............##
..# .###<.........#
...
.####............
[...
.................


You could see a yak, a centaur and a howler monkey (catching breath).

Vanquished Creatures
  3 two-headed ogres
  Pikel (D:6)
  Sigmund (D:3)
  8 yaks
  A wyvern (D:8)
  Menkaure (D:6)
  2 water moccasins (D:8)
  Duvessa (D:6)
  A sky beast (D:7)
  3 ice beasts
  2 ogres (D:4)
  A kobold brigand (D:4)
  A necrophage (D:8)
  4 bullfrogs
  3 scorpions
  17 wights
  Dowan (D:6)
  6 killer bees (D:8)
  3 howler monkeys
  A gnoll bouda (D:9)
  3 orc priests (D:5)
  Crazy Yiuf (D:7)
  8 hounds
  2 iguanas
  A merfolk siren (Sewer)
  9 orc wizards
  Ijyb (D:5)
  A merfolk avatar (Sewer)
  6 gnolls
  14 adders
  A shadow imp (D:7)
  A white imp (D:6)
  2 worms
  A dart slug (D:1)
  41 orcs
  A bat (D:3)
  9 endoplasms
  3 giant cockroaches
  9 hobgoblins
  5 jackals
  2 quokkas
  12 ball pythons
  8 frilled lizards
  9 goblins
  4 kobolds (D:1)
  19 rats
  2 fulminant prisms
236 creatures vanquished.

Vanquished Creatures (others)
  9 fulminant prisms
9 creatures vanquished.

Grand Total: 245 creatures vanquished

Notes
Turn   | Place    | Note
-------+----------+-------------------------------------------
     0 | D:1      | juncz the Djinni Conjurer began the quest for the Orb.
     0 | D:1      | juncz set off with the following spells memorised: Magic
                  | Dart, Searing Ray, Dazzling Flash, Fulminant Prism,
                  | Iskenderun's Mystic Blast.
     0 | D:1      | Reached XP level 1. HP: 15/15 MP: 0/0
   274 | D:1      | Reached XP level 2. HP: 18/22 MP: 0/0
   277 | D:1      | Reached skill level 1 in Fighting
   509 | D:1      | Found a faded altar of an unknown god.
   907 | D:2      | Reached XP level 3. HP: 25/28 MP: 0/0
   907 | D:2      | Learned a level 1 spell: Summon Small Mammal
  1127 | D:2      | Reached skill level 2 in Fighting
  1190 | D:2      | Reached XP level 4. HP: 22/33 MP: 0/0
  1778 | D:2      | Reached XP level 5. HP: 35/40 MP: 0/0
  1778 | D:2      | Learned a level 2 spell: Poisonous Vapours
  2185 | D:3      | You are sucked into a shaft and drop 1 floor!
  2200 | D:4      | Found a staircase to the Ecumenical Temple.
  2257 | D:4      | Noticed an ogre
  2268 | D:4      | Found a glowing drain.
  2277 | D:4      | Killed an ogre
  2278 | D:4      | Reached skill level 3 in Fighting
  2278 | D:4      | Reached XP level 6. HP: 33/47 MP: 0/0
  2285 | Sewer    | Entered a sewer
  2788 | Sewer    | Reached skill level 4 in Fighting
  3973 | D:4      | Reached XP level 7. HP: 47/53 MP: 0/0
  3973 | D:4      | Learned a level 3 spell: Kindle Blastsparks
  4202 | D:4      | Reached skill level 5 in Spellcasting
  4246 | D:4      | Reached skill level 5 in Fighting
  4881 | D:4      | Found a runed translucent gate.
  4881 | D:4      | Found a runed translucent gate.
  4882 | D:4      | Found a runed translucent gate.
  4886 | D:4      | Noticed sirJeffrey23's ghost (novice HOFi)
  4947 | Temple   | Entered the Ecumenical Temple
  4954 | Temple   | Became a worshipper of Ashenzari the Shackled
  6086 | D:3      | Noticed Sigmund
  6098 | D:3      | Killed Sigmund
  6099 | D:3      | Reached XP level 8. HP: 42/61 MP: 0/0
  6574 | D:4      | Found a glowing silver altar of Zin.
  6620 | D:4      | Found Reevikli's Antique Weapon Boutique.
  7025 | D:5      | Entered Level 5 of the Dungeon
  7030 | D:5      | Reached skill level 6 in Fighting
  7995 | D:5      | Noticed Ijyb
  8001 | D:5      | Killed Ijyb
  8002 | D:5      | Reached skill level 7 in Fighting
  8665 | D:6      | Found a basalt altar of Yredelemnul.
  8680 | D:6      | Reached XP level 9. HP: 44/68 MP: 0/0
  8680 | D:6      | Learned a level 4 spell: Anguish
  8828 | D:6      | Noticed Pikel
  8841 | D:6      | Killed Pikel
  8842 | D:6      | Reached skill level 8 in Fighting
  9118 | D:6      | Noticed Dowan
  9119 | D:6      | Noticed Duvessa
  9123 | D:6      | Killed Dowan
  9129 | D:6      | Killed Duvessa
  9563 | D:6      | Found Pemoth's Distillery.
 10132 | D:6      | Noticed Menkaure
 10141 | D:6      | Killed Menkaure
 10142 | D:6      | Reached skill level 9 in Fighting
 10616 | D:7      | Reached XP level 10. HP: 37/78 MP: 0/0
 11202 | D:7      | Found a runed translucent door.
 11203 | D:7      | Noticed Crazy Yiuf
 11724 | D:7      | Killed Crazy Yiuf
 11795 | D:8      | Found a shadowy altar of Dithmenos.
 11822 | D:8      | Reached skill level 10 in Fighting
 12210 | D:8      | Found a white marble altar of Elyvilon.
 12377 | D:8      | Found an iron altar of Okawaru.
 12843 | D:8      | Noticed a two-headed ogre
 12851 | D:8      | Killed a two-headed ogre
 13094 | D:8      | Noticed a two-headed ogre
 13103 | D:8      | Killed a two-headed ogre
 13104 | D:8      | Reached skill level 11 in Fighting
 13104 | D:8      | Reached XP level 11. HP: 55/89 MP: 0/0
 13104 | D:8      | Learned a level 5 spell: Silence
 14018 | D:9      | Noticed a two-headed ogre
 14024 | D:9      | Reached * piety under Ashenzari
 14028 | D:9      | Killed a two-headed ogre
 14040 | D:9      | Shot with an arrow by a centaur

Illustrated notes

Levels and vault maps discovered:
D:1:      minmay_arrival_solitary_statue, layout_basic,
          shapermc_ecumenical_altar_pompeii
D:2:      minmay_spotlight, layout_loops_ring, minmay_distorted
D:3:      layout_basic, uniq_sigmund
D:4:      minmay_clustersquares, layout_basic, general_overflow_altar,
          minmay_temple_entry_wispy, portal_sewer_entry_d,
          ebering_ghost_rock_garden, serial_shops, nicolae_shop_statue_plus
D:5:      wander_river, layout_basic, uniq_ijyb
D:6:      layout_basic, yredelemnul_altar_generic, serial_shops,
          nicolae_diamond_shop, uniq_duvessa, uniq_pikel, uniq_menkaure
D:7:      layout_loops_cross, uniq_crazy_yiuf_cottage
D:8:      layout_cave_pods, okawaru_altar_gauntlet_db,
          overflow_temple_1_default, mainiacjoe_overflow_alcove_1,
          kennysheep_generic_room_15
D:9:      layout_cave_pools, mainiacjoe_overflow_alcove_4
Temple:   compressed_dpeg_triangle_lava_temple

Skill      XL: |  1  2  3  4  5  6  7  8  9 10 |
---------------+-------------------------------+-----
Fighting       | 1 2 3 4 5 7 9 11 | 11.9
Spellcasting   | 4 5 6 7 9 |  9.9
Dodging        | |  2.1
Stealth        | |  1.5

Action                   |  1- 3 |  4- 6 |  7- 9 | 10-12 || total
-------------------------+-------+-------+-------+-------++-------
Melee: Staff             |       |     3 |     2 |       ||     5
       Punch             |       |       |     1 |       ||     1
 Cast: Magic Dart        |    58 |   125 |   164 |    80 ||   427
       Poisonous Vapours |       |     7 |    24 |    29 ||    60
       Iskenderun's Myst |       |     4 |    34 |    48 ||    86
       Fulminant Prism   |       |       |     6 |     5 ||    11
       Kindle Blastspark |       |       |     1 |       ||     1
Invok: Curse Item        |       |       |       |     2 ||     2
  Use: Scroll            |       |     1 |     5 |     1 ||     7
Armor: Robe              |       |     7 |     6 |     2 ||    15
Dodge: Dodged            |       |    15 |    39 |    25 ||    79

Table legend: (Time is in decaauts)
 A = Elapsed time spent in this place.
 B = Non-inter-level travel time spent in this place.
 C = Inter-level travel time spent in this place.
 D = Time resting spent in this place.
 E = Time spent auto-exploring this place.
 F = Levels seen in this place.
 G = Mean time per level.
                   A        B        C        D        E       F      G
               +--------+--------+--------+--------+--------+-----+--------+
         Total |  14038 |  13360 |    678 |   2758 |   9414 |  11 | 1276.2 |
       Dungeon |  12377 |  11731 |    646 |   2209 |   8489 |   9 | 1375.2 |
        Temple |    357 |    325 |     32 |      0 |    314 |   1 |  357.0 |
         Sewer |   1302 |   1302 |      0 |    549 |    611 |   1 | 1302.0 |
               +--------+--------+--------+--------+--------+-----+--------+

Top non-repeatable levels by time:
     D:4: 2105 daAuts
     D:6: 1872 daAuts
     D:8: 1837 daAuts
     D:7: 1616 daAuts
     D:5: 1599 daAuts
   Sewer: 1302 daAuts
     D:3: 1277 daAuts
     D:2: 1164 daAuts
     D:1: 857 daAuts
  Temple: 357 daAuts
     D:9: 47 daAuts
